 Dungeon Crawl Stone Soup version 0.21.1-1-g345015f (webtiles) character file.

25 shakethe the Skirmisher (level 3, 0/33 HPs)
             Began as a Hill Orc Fighter on Feb 26, 2018.
             Slain by a gnoll (3 damage)
             ... on level 2 of the Dungeon.
             The game lasted 00:00:48 (563 turns).

shakethe the Skirmisher (Hill Orc Fighter)           Turns: 563, Time: 00:00:49

Health: 0/33       AC:  6    Str: 18    XL:     3   Next: 6%
Magic:  3/3        EV:  9    Int:  9    God:
Gold:   60         SH:  4    Dex: 10    Spells: 2/2 levels left

rFire    . . .     SeeInvis .   a - +0 war axe
rCold    . . .     Gourm    .   l - +0 buckler
rNeg     . . .     Faith    .   b - +0 scale mail
rPois    .         Spirit   .   (no helmet)
rElec    .         Reflect  .   (no cloak)
rCorr    .         Harm     .   (no gloves)
MR       .....                  (no boots)
Stlth    ..........             (no amulet)
HPRegen  0.11/turn              (no ring)
MPRegen  0.08/turn              (no ring)

@: no status effects
A: no striking features
a: no special abilities


You were on level 2 of the Dungeon.
You were not hungry.

You visited 1 branch of the dungeon, and saw 2 of its levels.

You collected 60 gold pieces.

Inventory:

Hand Weapons
 a - a +0 war axe (weapon)
Armour
 b - a +0 scale mail (worn)
 c - a +0 shield
 l - a +0 buckler (worn)
   (You found it on level 1 of the Dungeon)
 n - a +0 pair of gloves
   (You found it on level 1 of the Dungeon)
Scrolls
 h - a scroll of blinking {unknown}
 i - 5 scrolls of identify {unknown}
 j - a scroll of enchant armour {unknown}
 k - 2 scrolls of teleportation {unknown}
 m - a scroll of immolation {unknown}
Potions
 d - a potion of might
 e - a potion of degeneration {unknown}
 g - a potion of curing {unknown}
Comestibles
 f - a ration


   Skills:
 + Level 3.9 Fighting
 * Level 3.6 Axes
 + Level 3.5 Armour
 + Level 3.5 Shields


You had 2 spell levels left.
You didn't know any spells.

Dungeon Overview and Level Annotations

Branches:
Dungeon (2/15)

Altars:
Zin


Message History

No target in view!
No target in view!
No target in view!
Done exploring.
No target in view!
No target in view!
No target in view!
No target in view!
No target in view!
Done exploring.
Done exploring.
(D) Dungeon
Where to? (? - help)
You see here a kobold skeleton.
There is a stone staircase leading down here.
You climb downwards.
There is a stone staircase leading up here.
You open the door.
A goblin comes into view. It is wielding a dagger.
There is an open door here.
The goblin barely misses you.
You miss the goblin. The goblin hits you with a dagger.
You take 3 damage, and have 24/27 hp.
You slash the goblin!
You kill the goblin!
You have reached level 3!
Your experience leads to an increase in your attributes!
Increase (S)trength, (I)ntelligence, or (D)exterity?
You feel clever.
You regained 6 hp, and now have 30/33 hp.
MP restored: 3 You open the door.
Found a glowing silver altar of Zin.
You regained 2 hp, and now have 32/33 hp.
No target in view!
No target in view!
No target in view!
No target in view!
No target in view!
No target in view!
No target in view!
No target in view!
No target in view!
No target in view!
No target in view!
There is an open door here.
There is an open door here.
Found a stone staircase leading up.
Health restored: 33 No target in view!
No target in view!
No target in view!
No target in view!
No target in view!
No target in view!
No target in view!
No target in view!
A gnoll comes into view.
The gnoll shouts!
A gnoll comes into view.
A leopard gecko comes into view.
The leopard gecko hisses angrily.
The gnoll shouts!
A gnoll comes into view.
The gnoll shouts!
A quokka comes into view.
The gnoll hits you but does no damage.
The leopard gecko bites you but does no damage.
Your shield and scale mail prevent you from hitting the gnoll.
You closely miss the gnoll. x2; You hit the leopard gecko.
You kill the leopard gecko!
The gnoll closely misses you. The gnoll hits you but does no damage.
The gnoll closely misses you. The gnoll hits you. x2
You take 5 damage, and have 28/33 hp.
You closely miss the gnoll. You barely miss the gnoll.
You hit the gnoll but do no damage. The gnoll hits you.
You block the gnoll's attack. The gnoll hits you but does no damage.
The gnoll completely misses you.
A rat comes into view.
You take 3 damage, and have 25/33 hp.
You barely miss the gnoll. You slash the gnoll! You hit the gnoll.
The gnoll hits you. The gnoll barely misses you. The gnoll hits you.
You take 4 damage, and have 21/33 hp.
You hit the gnoll. x2; You slash the gnoll!
The gnoll hits you! The gnoll hits you but does no damage. The gnoll hits you.
* * * LOW HITPOINT WARNING * * *
The gnoll barely misses you. The gnoll hits you!
* * * LOW HITPOINT WARNING * * *
You are too injured to fight recklessly!
You are too injured to fight recklessly!
You are too injured to fight recklessly!
You are too injured to fight recklessly!
There are monsters nearby!
You take 19 damage, and have 2/33 hp.
MASSIVE DAMAGE!!
You see here a scale mail.
There is an open door here.
Okay, then.
Your scale mail prevents you from hitting the gnoll.
The gnoll hits you.
You die...

#..# #..# #..# #.##
.#..#######.#
............#
...........##
.......)...#
..........##
..........###########
.......[..rg.grg@..<#
..........###########
....###..## .####
#.## . #..# #.## ..
#.#


You could see 3 gnolls, a quokka and a rat.

Vanquished Creatures
  A dart slug (D:1)
  A leopard gecko (D:2)
  A giant cockroach (D:1)
  4 goblins
  2 jackals (D:1)
  6 kobolds (D:1)
  2 bats (D:1)
  A frilled lizard (D:1)
  4 rats (D:1)
22 creatures vanquished.

Notes
Turn   | Place    | Note
-------+----------+-------------------------------------------
     0 | D:1      | shakethe the Hill Orc Fighter began the quest for the Orb.
     0 | D:1      | Reached XP level 1. HP: 19/19 MP: 1/1
    56 | D:1      | Reached skill level 3 in Axes
   133 | D:1      | Reached XP level 2. HP: 27/27 MP: 2/2
   498 | D:2      | Reached XP level 3. HP: 30/33 MP: 3/3
   518 | D:2      | Found a glowing silver altar of Zin.
   549 | D:2      | HP: 2/33 [gnoll (7)]
   563 | D:2      | Slain by a gnoll

Skill      XL: |  1 |
---------------+----+-----
Axes           | 3 |  3.6
Fighting       | |  3.9
Armour         | |  3.5
Shields        | |  3.5

Action                   || total
-------------------------++-------
Melee: War axe           ||    69
Armor: Scale mail        ||    39
Dodge: Dodged            ||    32
Block: Shield            ||    17
       Buckler           ||     5

Vault maps used:
D:1:      tarquinn_simple_flora_water_d
D:2:      zin_scriptorium, minmay_misc_feat_five

Table legend:
 A = Turns spent in this place as a percentage of turns spent in the entire game.
 B = Non-inter-level travel turns spent in this place as a percentage of non-inter-level travel turns spent in the entire game.
 C = Inter-level travel turns spent in this place as a percentage of turns spent in this place.
 D = Turns resting spent in this place as a percentage of non-inter-level travel turns spent in this place.
 E = Turns spent auto-exploring this place as a percentage of non-inter-level travel turns spent in this place.
 F = Non-inter-level travel turns spent in this place divided by the number of levels of this place that you've seen.
                   A       B       C       D       E      F
               +-------+-------+-------+-------+-------+----------------------
         Total | 100.0 | 100.0 |   3.0 |   0.0 |  70.3 | 273.0
       Dungeon | 100.0 | 100.0 |   3.0 |   0.0 |  70.3 | 273.0
               +-------+-------+-------+-------+-------+----------------------

Table legend:
 A = Kills in this place as a percentage of kills in entire the game.
 B = Kills by you in this place as a percentage of kills by you in the entire game.
 C = Kills by friends in this place as a percentage of kills by friends in the entire game.
 D = Other kills in this place as a percentage of other kills in the entire game.
 E = Experience gained in this place as a percentage of experience gained in the entire game.
 F = Experience gained in this place divided by the number of levels of this place that you have seen.
                   A       B       C       D       E      F
               +-------+-------+-------+-------+-------+----------------------
         Total | 100.0 | 100.0 |   N/A |   N/A | 100.0 |  18.5
       Dungeon | 100.0 | 100.0 |   N/A |   N/A | 100.0 |  18.5
               +-------+-------+-------+-------+-------+----------------------
